 Dungeon Crawl Stone Soup version 0.17-a0-1646-geb1493d (webtiles) character file.

663 LilCorpsy the Basher (level 7, 76/76 HPs)
             Began as an Ogre Berserker on Aug 11, 2015.
             Was a Priest of Trog.
             Quit the game on level 5 of the Dungeon.
             The game lasted 00:17:52 (4155 turns).

LilCorpsy the Basher (Ogre Berserker)               Turns: 4155, Time: 00:17:52

Health: 76/76      AC:  4    Str: 31    XL:     7   Next: 56%
Magic:  7/7        EV: 10    Int:  6    God:    Trog [***...]
Gold:   190        SH:  0    Dex:  9    Spells: 0 memorised, 6 levels left

rFire  . . .     SeeInvis .     m - +0 giant club
rCold  . . .     Clarity  .     b - +1 animal skin
rNeg   . . .     SustAt   .     (no shield)
rPois  .         Gourm    .     (helmet restricted)
rElec  .         Spirit   .     (no cloak)
rCorr  .         Warding  .     (gloves unavailable)
rMut   .         Stasis   .     (boots unavailable)
MR     .....                    (no amulet)
Stlth  +.........               (no ring)
                                l - +6 ring of strength

@: starving, not resistant to hostile enchantments, very unstealthy
A: unfitting armour, tough skin 1
a: Burn Spellbooks, Berserk, Trog's Hand, Renounce Religion


You were on level 5 of the Dungeon.
You worshipped Trog.
Trog was most pleased with you.
You were starving.

You visited 1 branch of the dungeon, and saw 5 of its levels.

You collected 210 gold pieces.
You spent 20 gold pieces at shops.

Inventory:

Hand weapons
 m - a +0 giant club (weapon)
Missiles
 h - 81 stones (quivered)
Armour
 b - a +1 animal skin (worn)
Jewellery
 l - a +6 ring of strength (left hand)
Scrolls
 a - a scroll of random uselessness {unknown}
 c - a scroll of noise {unknown}
 d - a scroll of remove curse {unknown}
 e - 5 scrolls of identify
 f - a scroll of immolation {unknown}
 j - a scroll of blinking
Potions
 g - a potion of invisibility
 i - a potion of haste
 k - a potion of magic


   Skills:
 + Level 6.7 Fighting
 * Level 9.8 Maces & Flails
 - Level 2.6 Dodging


You had 6 spell levels left.
You didn't know any spells.

Dungeon Overview and Level Annotations

Branches:
Dungeon (5/15)             Temple (0/1) D:5

Altars:
Cheibriados
Dithmenos

Shops:
D:4 *(


Innate Abilities, Weirdness & Mutations

You are too large for most types of armour.
You have tough skin (AC +1).


Message History

You need to eat something NOW!
It was a potion of berserk rage.
You're too hungry to go berserk.
No target in view!
No target in view!
No target in view!
No target in view!
No target in view!
No target in view!
No target in view!
No target in view!
No target in view!
No target in view!
Unknown command.
Unknown command.
Unknown command.
Quiver which item? (- for none, * to show all) (? for menu, Esc to quit)
Okay, then.
Are you sure you want to abandon this character and quit the game? (Confirm with "yes".)
Okay, then.
Are you sure you want to abandon this character and quit the game? (Confirm with "yes".)

#.##.##.## ##.## #.# #.#
#.##.##.#### #.####.# #.#
#..........# #......# #.#
###..#####.# ##'###### #..
#..#####.# ##...## ##.
##.....##.# ##.....## ##.
#.........###.......## ##..
#..##...#.##.........####..#
#..#.......@.........+......
#.........##.........####...
#.###...#.###.......## ##..
#.# #..##.# ##.....## ##.
#.###.###.# ##...## #.
#.........# ##'## #.
#####.##### #.# #. #.# #.#
#. #.##########.## ### #.


There were no monsters in sight!

Vanquished Creatures
  Grinder (D:3)
  An ogre (D:4)
  A hound (D:4)
  2 orc priests
  Jessica (D:3)
  Terence (D:2)
  2 worker ants (D:4)
  An orc wizard (D:3)
  9 adders
  An ooze (D:3)
  A worm (D:2)
  15 orcs
  A ball python (D:1)
  5 giant cockroaches
  5 goblins
  5 hobgoblins
  3 jackals (D:1)
  6 kobolds
  A quokka (D:4)
  9 bats
  3 giant geckos
  A giant newt (D:1)
  9 rats
84 creatures vanquished.

Notes
Turn   | Place    | Note
--------------------------------------------------------------
     0 | D:1      | LilCorpsy the Ogre Berserker began the quest for the Orb.
     0 | D:1      | Reached XP level 1. HP: 24/24 MP: 1/1
   119 | D:1      | Reached XP level 2. HP: 8/32 MP: 2/2
   552 | D:1      | Reached skill level 5 in Maces & Flails
   771 | D:1      | Found a snail-covered altar of Cheibriados.
   828 | D:1      | Reached XP level 3. HP: 37/39 MP: 3/3
  1241 | D:2      | Acquired Trog's second power
  1293 | D:2      | Found a shadowy altar of Dithmenos.
  1406 | D:2      | Noticed Terence
  1412 | D:2      | Reached skill level 6 in Maces & Flails
  1412 | D:2      | Reached XP level 4. HP: 35/49 MP: 4/4
  1420 | D:2      | Killed Terence
  1978 | D:3      | Reached XP level 5. HP: 39/55 MP: 5/5
  1996 | D:3      | Reached skill level 7 in Maces & Flails
  2332 | D:3      | Noticed Jessica
  2336 | D:3      | Noticed Grinder
  2344 | D:3      | Killed Jessica
  2344 | D:3      | Reached skill level 5 in Fighting
  2355 | D:3      | Paralysed by Grinder for 4 turns
  2375 | D:3      | HP: 2/57 [Grinder (5)]
  2398 | D:3      | HP: 4/85 [poison (a potion of poison)]
  2406 | D:3      | HP: 2/57 [poison (a potion of poison)]
  2414 | D:3      | HP: 2/57 [poison (a potion of poison)]
  2724 | D:3      | Paralysed by Grinder for 3 turns
  2734 | D:3      | Killed Grinder
  2734 | D:3      | Reached skill level 8 in Maces & Flails
  2734 | D:3      | Reached XP level 6. HP: 67/67 MP: 6/6
  2901 | D:4      | Found Wacli's General Store.
  2903 | D:4      | Bought a royal jelly for 20 gold pieces
  2997 | D:4      | Reached XP level 7. HP: 62/75 MP: 7/7
  3031 | D:4      | Reached skill level 9 in Maces & Flails
  3108 | D:4      | Found Goaffyp's Antique Weapon Shoppe.
  3578 | D:4      | Found a snail-covered altar of Cheibriados.
  3944 | D:5      | Entered Level 5 of the Dungeon
  3944 | D:5      | Found a staircase to the Ecumenical Temple.
  4155 | D:5      | Quit the game

Vault maps used:
D:1:      roderic_crop_circles_arrival_small, cheibriados_altar_1
D:2:      grunt_dithmenos_smoke, feat_on_display, uniq_terence
D:3:      minmay_misc_feat_alley, grunt_ministairs_4, lexackson_kobold_supper,
          uniq_grinder, uniq_jessica
D:4:      old_standard_altar, serial_shops, shop, nicolae_shop_waterfront
D:5:      old_standard_altar, minmay_temple_entry_statues, first_bread

Action                   |  1- 3 |  4- 6 |  7- 9 || total
-------------------------+-------+-------+-------++-------
Melee: Mace              |    94 |   121 |    66 ||   281
Invok: Berserk           |     1 |     5 |       ||     6
  Use: Potion            |       |     7 |     1 ||     8
       Scroll            |       |     4 |       ||     4
 Stab: Sleeping          |     1 |       |       ||     1
  Eat: Bread ration      |     1 |       |       ||     1
       Meat ration       |       |     1 |       ||     1
       Pizza             |       |     1 |       ||     1
       Royal jelly       |       |     1 |     1 ||     2
